[Event "79th Tata Steel Chess 2017-Masters"]
[Site "Wijk aan Zee"]
[Date "2017.01.20"]
[Round "6"]
[White "Adhiban, Baskaran"]
[Black "So, Wesley"]
[Result "1/2-1/2"]
[WhiteElo "2653"]
[BlackElo "2808"]
[Annotator "Sagar Shah"]
[PlyCount "77"]
[EventDate "2017.??.??"]
[TimeControl "60"]

1. e4 e5 2. f4 $5 {0 When was the last time
someone played the King's Gambit against Wesley So?! Well, the databases
reveal that this was the first time! Adhiban has seriously made some very
interesting choices at this event. Rather than going deep into some line, he
has just changed the battlefield in order to make it more even.} exf4 3. Bc4 (3. Nf3 {is by far the most popular move in
the position.}) 3... d5 {405 Played after seven minutes of thought. Wesley
would have definitely prepared something against the King's Gambit but to
remember all the analysis on the spot is not an easy task.} (3... Qh4+ 4. Kf1 {
The tempo that you will gain with Nf3 is worth losing your castling rights!})
4. Bxd5 Nf6 5. Nc3 Nxd5 {566
} 6. Nxd5 Bd6 (6... g5 {is another possible
move, but Wesley likes to go for simple developing moves rather than clinging
on to pawns with moves like g5.}) 7. Nf3 O-O 8. d4 {0 Adhiban was still blitzing his moves.} Re8 {905 15 minutes of
thought! The opening is already a success for the Indian player.} 9. e5 c6 (9... f6 10. Bxf4 $14) 10. Nxf4 {54 White
has not only recovered his pawn, but is a pawn up and has a clearly preferable
position. Getting such a position against Wesley after 10 moves in any major
well-known opening line might be almost impossible.} f6 11.
Nd3 {712 The first move where Adhiban had to think. 12 minutes for 11.Nd3.} (
11. O-O $5 fxe5 12. dxe5 Bc5+ 13. Kh1 Qxd1 14. Rxd1 Bf5 $44) (11. Qd3 $5 fxe5
12. dxe5 Bc7 13. Qb3+ Kh8 14. O-O $16) 11... fxe5 {1654} 12. dxe5 Qb6 {249} 13. Qe2 {901} Bf5 14. Be3 {197} Qa5+ 15. c3 {497} Bc7 {901} 16. O-O {196} Qa6 {14 White is a pawn up, but
Black's bishop pair and the pretty weak e5 pawn gives Black decent
compensation.} (16... Bxd3 17. Qxd3 Bxe5 18. Ng5 $1 g6 19. Qc4+ Qd5 20. Qh4 $18
) 17. Rad1 {244} Nd7 (17... Qxa2 18. Ng5 Bg6 19. Nf4 $18) 18.
Bd4 {1568 Adhiban played after 26 minutes, but this move lets Black equalize
with ease.} (18. b3 $5 Bxd3 19. Rxd3 Nxe5 20. Nxe5 Bxe5 21. c4 $14) 18... c5 $1
{100} 19. Bf2 Nxe5 {177} 20. Nfxe5 Bxe5 {284}
21. Qf3 Be4 22. Qh3 Bxd3 {
166} 23. Qxd3 {115 The position is just even now.} Qxa2 24.
Bxc5 {621} Qxb2 25. Bxa7 $1 {239} Bxc3 {357} (25... Rxa7 26.
Qd5+ Kh8 27. Qxe5 $11) 26. Bf2 {525} Be5 {251} 27. Rb1 {86} Qa2 28. Rxb7 {9 The pawns are exchanged and the game ends in a draw.} Rf8 29. Qb3+ {173} Qxb3 30. Rxb3 Ra2 31. Rf3 {184} Rxf3 32. gxf3 Kf7 33. Bg3 Bd4+ 34.
Kh1 Rd2 35. Bf4 Re2 36. Rd1 Bc3 37. Rd3 Bb4 38. Rd4 {135} Bc5 39. Rd2 1/2-1/2

[Event "79th Tata Steel Chess 2017-Masters"]
[Site "Wijk aan Zee"]
[Date "2017.01.20"]
[Round "6"]
[White "Harikrishna, Pentala"]
[Black "Wojtaszek, Radoslaw"]
[Result "1/2-1/2"]
[WhiteElo "2766"]
[BlackElo "2750"]
[Annotator "Sagar Shah"]
[PlyCount "133"]
[EventDate "2017.??.??"]
[TimeControl "60"]

1. e4 e5 2. Nf3 Nc6 3. Bb5 a6 4. Ba4 Nf6 5. O-O Be7 6. Re1 b5 7. Bb3 O-O 8. a3 {158} d6 {119} 9. h3 {142 Hari likes to play this move h3 in both the
Ruy Lopez as well as the Guioco Piano.} Na5 {176} 10. Ba2 {63} c5 11. Nc3 {260} Nc6 {476} 12. d3 {524} h6 {290} 13. Bd2 {588} Rb8 {845} 14.
Rb1 {754} a5 {433} 15. a4 {168} b4 16. Nb5 {245} Re8 {275} 17.
c3 {335} Bf8 {126} 18. Qc2 {89} Qb6 {349} 19. Be3 {93} Na7 {978} 20. Bc4 {745}
Ba6 $6 {418} 21. Nc7 $1 {373 Harikrishna alert as ever picks up the light
squared bishop.} Qxc7 {288} 22. Bxa6 $14 {6 With the light squared bishop in
his bag, White is clearly for choice.} d5 {123} 23. cxb4 {134} (23. exd5 Nxd5
24. Bc4 Nxe3 25. Rxe3 $14) 23... Nc6 {190} 24. Bb5 {172} (24. Bd2 $14) 24...
Nxb4 25. Qd1 {113} Red8 {69} 26. exd5 Nfxd5 (26... Rxd5 27. Bc4 $14) 27. Bd2 {70} Bd6 {139} 28. Qe2 {189}
Nf4 {263} 29. Qe4 $16 {239 White is clearly better.} Nc2 {108} 30. Rec1 {69} (
30. Nxe5 $1 Nxe1 (30... Bxe5 31. Qxe5 Qxe5 32. Rxe5 Nxd3 33. Bxd3 Rxd3 34. Bxa5
$16) 31. Bxf4 $18) 30... Nb4 31. g3 {359} Ne6 {99} (31...
Nxh3+ 32. Kg2 Ng5 33. Nxg5 hxg5 34. Rh1 g6 35. Bxg5 $18) 32. Bxb4 {75} axb4 33. h4 Rf8 {472} 34. Re1 {67} Qd8 {251} 35.
Kg2 {100} (35. Nxe5 Bxe5 36. Qxe5 Nd4 $44) 35... Nc7 {182} 36. Bc4 Re8 37. Qf5 {165} Qf6 38. Qh5 {205} (38.
Qxf6 gxf6 39. Ra1 $16 {White has a clear advantage here because of the strong
light squared bishop and the protected a-passed pawn.}) 38... Ne6 {100} 39.
Nxe5 {87} g6 40. Nxg6 (40. Ng4 $1 Qd4 41. Qd5
Qxg4 42. Qxd6 $18) (40. Qxh6 Bxe5 $17) 40... Kh7 $1 {166} 41. Qd5 {1033} (41.
Ne5 Ng7 42. Qxf7 Bxe5 43. Qxf6 Bxf6 $11) 41... Nc7 {573} 42. Qxf7+ Qxf7 43. Bxf7 Rxe1 44.
Rxe1 Kg7 45. Ne5 {355} Bxe5 46. Rxe5 Kxf7 47. Rxc5 $16 {10 Although
White is better it is not so easy to convert this into a full point.} Ne6 48. Rc4 {362} b3 {762} 49. Kf3 {277} Ke7 50.
d4 {331} Kd6 51. Ke4 Nc7 52.
Rc5 {247} Rb4 {291} 53. Rh5 {169} Rxa4 {231} 54. Rxh6+ Ne6 {93
} 55. f4 {177} Rxd4+ {102} 56. Ke3 Rd5 57. g4 Ke7 58. f5 {279} Re5+ {110} 59. Kd3 {123}
Nf4+ 60. Kc4 Re4+ {118} 61. Kxb3 {147} Ng2 62. g5 {625} Nxh4 63. Rh7+ Kf8 {138} 64. f6 {75} Rg4 65. Rh8+ {104} Kf7 66. Rh7+ Kf8 67. Rh8+ 1/2-1/2

[Event "79th Tata Steel Chess 2017-Masters"]
[Site "Wijk aan Zee"]
[Date "2017.01.21"]
[Round "7"]
[White "So, Wesley"]
[Black "Eljanov, Pavel"]
[Result "1/2-1/2"]
[WhiteElo "2808"]
[BlackElo "2755"]
[PlyCount "75"]
[EventDate "2017.??.??"]
[TimeControl "60"]

1. e4 e5 2. Nf3 Nc6 3. Bc4 Bc5 4. O-O Nf6 5. d3 d6 6. c3 a6 7. a4 Ba7 8. Na3 h6 9. Nc2 Qe7 10. Be3 Be6 11. Bxe6 Qxe6 12. Bxa7 Rxa7 13. d4 Ne7 14. Nd2 O-O 15. Qe2 Raa8 16. g3 Rfe8 17. a5 Rac8 18. d5 Qd7 19. Ne3 Nh7 20. Ra3 Rf8 21. Rb3 Rb8 22. Ra1 f5 23. exf5 Nxf5 24. Qg4 h5 25. Qxh5 Nxe3 26. fxe3 Rf5 27. Qh4 {[%emt 0:00:00] Although he took
it sportingly, White missed a chance to obtain a decisive advantage three
straight moves with the same shot.} Ng5 (27... Rbf8 $1 28. g4
R5f6 29. c4 Qe7 {threatening Rf1+ with a discovered attack on the queen.} 30.
Qg3 Qf7 {and Black's attack becomes unstoppable.}) 28. Rb4 e4 (28... Rbf8 $1 29. Rg4 Nh7 30. c4 Qf7 31. Qh3 Ng5 {and again
Black's advantage should be decisive.}) 29. Kg2 Qf7 ({This was the most definitive as th king exposed on g2 means the Rf2+
threat has that much more bite.} 29... Rbf8 $1 30. Nxe4 Nf3 31. Qh3 Qe8 32. Qg4
Qf7 {and Black is winning.}) 30. Nxe4 Qxd5 (
30... Nf3 {was the last chance to keep the edge.} 31. Qh3 Qxd5) 31. Rd4 Nf3 32. Nf6+ Rxf6 33. Rxd5 Nxh4+ 34. gxh4 Rbf8 35. Rd2 Rg6+ 36.
Kh1 Rf3 37. Re1 Re6 38. Rd4 1/2-1/2

[Event "79th Tata Steel Chess 2017-Masters"]
[Site "Wijk aan Zee"]
[Date "2017.01.21"]
[Round "7"]
[White "Wojtaszek, Radoslaw"]
[Black "Adhiban, Baskaran"]
[Result "0-1"]
[ECO "A40"]
[WhiteElo "2750"]
[BlackElo "2653"]
[Annotator "Sagar Shah"]
[PlyCount "132"]
[EventDate "2017.??.??"]
[EventType "tourn"]
[EventCountry "NED"]
[SourceTitle "playchess.com"]
[Source "ChessBase"]
[TimeControl "40/6000+30:20/3000+30:900+30"]

1. d4 e6 2. c4 b6 {4 The
English Defence. Once again Adhiban chooses a system which is not
theoretically popular.} 3. Nc3 {159} Bb4 {5 Now this has a flavour of the
Nimzo Indian + the Queen's Indian.} 4. Qc2 {119} Bb7 5. a3 Bxc3+ 6. Qxc3 f5 {127 And
now we have some sort of a Dutch!} 7. Nh3 {184 Wojtaszek develops his knight
on h3 so that he can keep the e4 square under control with the move f3.} Nf6 8. f3 O-O {75} 9. e3 Nh5 10. Be2 {285} Qh4+ 11. Nf2 {30 Overall White
has a very harmonious position with the centre, and the bishop pair. But
Black's play is easy. He just develops d6-Nbd7 and breaks in the centre with
e5.} d6 12. b3 {261} Nd7 {109} 13. Bb2 {358} e5 14. d5 {87} f4 {1192 Adhiban decides that it is best to close down the
position against White's bishops.} 15. e4 {80} a5 {688} 16. g3 {1246} Qe7 (16... fxg3 17. hxg3 Qg5 18. f4 Qxg3 19. Rxh5 Qg1+ 20. Kd2 (20.
Bf1 Rxf4 $19) 20... Qxf2 21. Rf1 $13) 17. g4 Nhf6 18. Qc2 {77} c6 $1 {95 The white king doesn't really have a safe spot to
go to and hence Adhiban opens up the position in the center.} 19. dxc6 {284}
Bxc6 {62} 20. b4 axb4 {126} 21. axb4 {154} Rxa1+ 22. Bxa1 Ra8 {109 Black pieces are activated without any
issues.} 23. Bb2 Nf8 $1 {87 The knight is making its way from
e6 to d4.} 24. Qd2 {671} Ne6 {81} 25. O-O {159} h5 {80} 26. Rd1 Ra2 {1003} 27. b5 $6 {924} (27. Qxd6 Qxd6 28. Rxd6 Rxb2 29. Rxe6 Bd7 $1 30.
Rd6 Rxe2 31. g5 Nh7 32. Rxd7 Nxg5 $11 {When the position is around even.})
27... Bd7 {704} 28. c5 {704 This was Wojtaszek's plan. To get the bishop to c4.
} Nd4 $1 {175} 29. c6 {93} (29. Bc4+ d5 $1 30. exd5 Nxf3+ $19) 29... Be6 {
7 True the pawn on c6 is strong. It is even protected. But the knight on f6 is
going to come around to c7 and blockade the pawn. The other knight will also
jump in and the b5 pawn would become quite weak. Although at first look this
seems like better for White, it is in fact the other way around.} 30. g5 {89}
Ne8 {78} 31. h4 {125} Nc7 32. Kg2 {135} Bb3 {517} (32... d5 $5
) (32... Ncxb5 $2 33. Bxb5 Nxb5 34. Qb4 Nd4 35. Bxd4 $16) (32... Qe8 $1 33. Bd3
Ncxb5 34. Bxb5 Nxb5 $17) 33. Rc1 {139} Nxe2 34. Qxe2 Ba4 {362 Black goes after the b5 pawn, but now the d6 is also equally
weak and Black loses control.} 35. Qc4+ {130} Qf7 36. Qb4 {
20 White is already pretty fine, because the d6 pawn is falling.} Bxb5 {303}
37. Nd1 $1 {62 The bishop on b2 is defended and the d6 pawn is attacked.} Kh7 {
754} (37... Qe6 38. Nc3 $16) 38. Qxd6 $18 {43 In a matter of few moves the
position has turned into a clearly better one for White.} Be2 39. Qxe5 $1 {128} Ra5 40. Qd6 (40. Qd4 $1 Ne6
41. Qxb6 $18 Rb5 42. Qf2 Bxd1 43. Rxd1 $18) 40... Ra2 {48 Forty moves have
been made. Now White is clearly winning and also has a lot of time in hand.}
41. Qb4 {683} (41. Qd7 $1 {Not an easy combination to see.} Qxd7 42. cxd7 Ne6
43. g6+ $3 {The only move to win.} Kh6 (43... Kxg6 44. Rc6 $18) (43... Kg8 44.
Rc8+ $18) 44. Rc2 $1 Bxd1 45. Bxg7+ $18) (41. Rc2 {is the simpler way to win.}
Bxd1 42. Qxd1 Qb3 43. Qc1 Ne6 44. Rd2 $18) 41... b5 {788} 42. Nf2 {372} Ne6 {
350} 43. Ra1 {1101} Rxa1 {108} 44. Bxa1 {34 White is still better, but nowhere
close to what he was four moves ago.} Qa7 {235} 45. Qd2 {228} Qe3 {217} 46.
Qxe3 fxe3 47. Be5 $6 {196} (47. Nh3 b4 {
Maybe Wojtaszek was afraid of this position, but it should be a draw.}) 47...
b4 {269} 48. c7 {95} exf2 {80} 49. Kxf2 Ba6 {9 Black has won
a piece but White has two pawns in return and very strong structure. The game
should be objectively drawn.} 50. Ke3 {69} g6 {574} 51. Kd2 {75} (51. f4 b3 52.
Kd2 Bc8 53. Kc3 Nc5 54. Bd4 Nxe4+ 55. Kxb3 $19 {This is als losing as the
knight will pick up the h4 pawn and the pawn will queen.}) 51... Kg8 {83} 52.
Kc2 Bc8 {403} 53. Kb3 {129} Nc5+ 54. Kc4 (54. Kxb4 Nd3+ $19) 54... Na6 55. Bd6 {291}
Be6+ {71} 56. Kd4 (56. Kb5 b3 $19) 56... Kf7 57. f4 b3 58. Kc3 Ke8 59. c8=Q+ {196} (59. f5 gxf5 60. exf5 Bxf5 61. Kxb3 {would
have given better drawing chances.} Kd7 62. c8=Q+ Kxc8 63. Kc4 Kd7 64. Kd5 $11)
59... Bxc8 60. Kxb3 Kd7 {99} 61. Ba3 Bb7 62. f5 (62. e5 Nc7 $19)
62... Bxe4 63. f6 {73} Bd5+ {130} 64. Kc3 {67} Nc7 {97} 65.
Kd3 {107} Ke6 66. Bc1 Nb5 {48 Black has
complete control on the light squares and Wojtaszek saw no reason to continue
the fight.} 0-1

[Event "79th Tata Steel Chess 2017-Challengers"]
[Site "Wijk aan Zee"]
[Date "2017.01.21"]
[Round "7"]
[White "Xiong, Jeffery"]
[Black "Dobrov, Vladimir"]
[Result "1-0"]
[ECO "B27"]
[WhiteElo "2667"]
[BlackElo "2499"]
[PlyCount "75"]
[EventDate "2017.??.??"]
[TimeControl "60"]

1. e4 c5 2. Nf3 b6 {75} 3.
g3 {547} Bb7 {124} 4. Qe2 {132} g6 {311} 5. Bg2 {71} Bg7 6.
O-O {106} Nf6 {1093} 7. e5 {150} Nd5 {60} 8. d4 {305} Nc7 {183} 9. Rd1 {600}
Qc8 {271} 10. c3 {675} Bc6 {255} 11. h4 {266} Qa6 {277} 12. Qe3 {190} cxd4 {149
} 13. cxd4 Nd5 {129} 14. Qe1 {63} Qb7 15. h5
{374} O-O {1143} 16. Nh4 {77} Na6 17. a3 e6 {
252} 18. Nd2 {201} d6 {181} 19. Nc4 {221} dxe5 20. dxe5 Qe7 {396} 21. b4 {316} g5 {314} 22. h6 {349} Bxh6 {319} 23. Nd6
{77} Nac7 {87} 24. a4 {663} ({White could play the immediate} 24. b5 $1 {
that comes with a venemous idea.} Nxb5 $2 (24... Bd7 {is the only move.}) 25.
Bxd5 Bxd5 26. Rxd5 $1 exd5 27. Nhf5 Qe6 28. Nxh6+ Qxh6 29. Nxb5 $18) 24... Bg7
{154} 25. Nf3 f6 {204} 26. b5 Be8 27. Ba3 Qd7 {287} 28. Ne4 {113} f5 {69} 29. Nexg5 {165
} Bh5 30. Bxf8 Rxf8 31. Rac1
{80} Qe7 {113} 32. Rc6 {85} f4 {44 [#] Finishing with style.} 33. Rxd5 $1 {260}
exd5 {127} (33... Nxd5 34. Nxe6 fxg3 35. Nxf8 Qxf8 36. Qe4) 34. Qb1 Bg6 35. Rxg6 hxg6 36. Qxg6 Rd8 {63} 37. Nh4 Kf8 38. Nf5 1-0

[Event "79th Tata Steel Chess 2017-Masters"]
[Site "Wijk aan Zee"]
[Date "2017.01.22"]
[Round "8"]
[White "Adhiban, Baskaran"]
[Black "Andreikin, Dmitry"]
[Result "1-0"]
[ECO "B25"]
[WhiteElo "2653"]
[BlackElo "2736"]
[Annotator "Sagar Shah"]
[PlyCount "91"]
[EventDate "2017.??.??"]
[EventType "tourn"]
[EventCountry "NED"]
[SourceTitle "playchess.com"]
[Source "ChessBase"]
[TimeControl "40/6000+30:20/3000+30:900+30"]

1. e4 e5 2. Nc3 $5 {0 Who wants to waste
time studying the Berlin and the Ruy Lopez!} Nc6 {95} 3. g3 g6
{129} 4. Bg2 Bg7 5. d3 d6 {
18 It's all symmetrical until now.} 6. f4 Nge7 {948 Played
after 15 minutes of thought.} (6... f5 $5 {Black could have maintained the
symmetry. But not for long.} 7. exf5 Bxf5 8. fxe5 Nxe5 9. Bxb7 Rb8 10. Bg2 Bg4
11. Nge2 Nf3+ $44) 7. Nf3 Nd4 {254} 8. O-O {594} Bg4 {121
Adhiban found this plan to be slightly irritating as it is not so easy to
break the pin.} 9. Be3 {200} c5 {889} 10. Qd2 {69} O-O 11. Nh4
{384} exf4 {250} 12. Bxf4 {95} Qd7 {233} 13. Rf2 {693 White has natural play,
but overall Black cannot be worse here as he has developed all his pieces and
is clearly well co-ordinated.} Rae8 {98} 14. Bh6 {762} Bxh6 {141} 15. Qxh6 b5 16. h3 $5 {408} Be6 {109} (16... Bxh3 17.
Nf3 $1 Nxf3+ 18. Bxf3 $18 {The rook is coming to h2 and Black is lost!}) 17.
Raf1 Qd8 {592} (17... d5 $5 {This should have been given some
thought by Andreikin.} 18. exd5 Bxd5 $1 (18... Nxd5 $2 19. Ne4 $16) 19. Nxd5
Nxd5 $11 {And although the bishop is gone Black is very well co-ordinated.})
18. Nb1 {711} (18. Nd1 {with the idea of Ne3 was even stronger.}) 18... d5 $2 {
221 A very bad move because it helps the knight to come to the e4 square.} (
18... Bxa2 $5 19. Nd2 f6 $5 (19... Be6 $6 20. c3 $1 Nb3 21. Nxb3 Bxb3 22. Rf6 {
Nf3-g5 would be terminal.}) 20. b3 $13 (20. Rxf6 Rxf6 21. Rxf6 Rf8 22. Rxf8+
Qxf8 $11)) 19. Nd2 $1 {500} dxe4 $2 {15 This is just suicide by Andreikin.
Letting the knight come to e4 means that all the dark squares around the black
king would be in danger.} 20. Nxe4 Nef5 (
20... Nd5 21. Ng5 $18) 21. Rxf5 $1 {45 The reason why this move works and Nxf5
is not very strong is because the last piece to take on f5 should be a knight.
This would mean that there is a mate on g7 and Black has no time for Rxe4.
Quite a simple tactic, but things can become complex when too many pieces are
vying the same square.} (21. Nxf5 Nxf5 22. Rxf5 Bxf5 23. Rxf5 {This seems very
strong, but Black has} Rxe4 $1 24. Bxe4 gxf5 25. Bxf5 Qd4+ 26. Kg2 Qg7 $17 {
When the attack is repelled and Black is clearly better.}) 21... Nxf5 (21... Bxf5 22. Ng5 $18) 22. Rxf5 $1 Qd4+ {78} (22...
Bxf5 23. Nxf5 $1 gxf5 24. Nf6+ Qxf6 25. Qxf6 $18) 23. Rf2 $1 {195 White simply
has two pieces for a rook and Black is utterly lost.} f5 24.
Ng5 {97} (24. Nxg6 $1 hxg6 25. Qxg6+ Qg7 (25... Kh8 26. Ng5 Qg7 27. Qh5+ Kg8
28. Nxe6 Rxe6 29. Bd5 $18) 26. Nf6+ $1 Rxf6 27. Qxe8+ $18) 24... Qg7 25. Qxg7+ Kxg7 26. Bc6 h6 (26... Re7 27. Re2 Kf6 28. Rxe6+ Rxe6 29. Nxh7+ Kg7
30. Nxf8 Kxf8 31. Bxb5 $18) 27. Nxe6+ {106} Rxe6 28. Bxb5 {
1 The rest as they is just a matter of technique. Adhiban mopped up the game
pretty quickly.} Rb8 29. a4 {202} a6 30. Bc4 Re1+ 31. Kg2 {158} Rxb2 32.
Bxa6 Rc1 {173} 33. Bc4 {140} Rcxc2 34. Rxc2 Rxc2+ 35. Kf3 Kf6 36. a5 g5 37. a6 Rc1 38. Ng2 Ke5 39. Ne3 {286} h5 40. Nc2 $1 {0 The final touch.} g4+ 41. Ke3 {
519} gxh3 {115} 42. a7 {147} h2 43. a8=Q h1=Q 44. Qb8+ Kf6 45. Qf8+ Kg6 46. Bf7+ 1-0

[Event "Wijk aan Zee"]
[Site "Wijk aan Zee"]
[Date "2017.01.22"]
[Round "8"]
[White "Harikrishna, Pentala"]
[Black "Wei, Yi"]
[Result "1/2-1/2"]
[ECO "C43"]
[WhiteElo "2766"]
[BlackElo "2706"]
[Annotator "ChessBase"]
[PlyCount "54"]
[EventDate "2017.??.??"]
[EventType "tourn"]
[EventCountry "NED"]
[SourceTitle "playchess.com"]
[Source "ChessBase"]
[TimeControl "40/6000+30:20/3000+30:900+30"]

1. e4 e5 2. Nf3 Nf6 3. d4 Nxe4 4. dxe5 d5 5. Nbd2 Nc5 {75} 6. Be2 Be7 {485} 7. O-O O-O {410} 8. Re1 Nc6
{424} 9. Nf1 {830} f6 {229} 10. exf6 {383} Bxf6 {244} 11. Ng3 {159} Qd6 {612}
12. c3 {498} Be6 {252} 13. Ng5 {361} Bd7 {1305} 14. Bf3 {1142} Ne7 15. Be3 {231} Ne6 {445} 16. Nxe6 {485} Bxe6 17. Qe2 {592}
Bf7 {127} 18. Rad1 {85} Rfe8 {320} 19. Qb5 $6 {740} (19. Qd2 {with the threat
of Bf4 is quite strong.} Be5 20. Bg4 c6 (20... Kh8 21. f4 Bf6 22. Nh5 $14) 21.
f4 Bf6 22. Ne4 $18) 19... a6 $1 20. Qa4 b5 {
135} 21. Qc2 Qc6 {105} 22. Nh5 Be5 23. Nf4 Rad8 24. Nd3 {98} Bf6 25. Bf4 $6 (25. Qd2 $14 {Would have
maintained the slight edge for White in this position.} Ng6 26. Nb4 $1 Qb7 27.
Nxd5 $16) (25. Nb4 $14 {was also a good move.}) 25... Ng6 $1 {137 Black is
able to unravel now and get an easy game. It was important to keep the
pressure on d5.} 26. Bg3 {116} Rxe1+ {88} 27. Rxe1 Qb6 {60} (
27... Qb6 28. Nb4 c5 $15) 1/2-1/2

[Event "Wijk aan Zee"]
[Site "Wijk aan Zee"]
[Date "2017.01.22"]
[Round "8"]
[White "Eljanov, Pavel"]
[Black "Wojtaszek, Radoslaw"]
[Result "1/2-1/2"]
[ECO "B92"]
[WhiteElo "2755"]
[BlackElo "2750"]
[Annotator "ChessBase"]
[PlyCount "92"]
[EventDate "2017.??.??"]
[EventType "tourn"]
[EventCountry "NED"]
[SourceTitle "playchess.com"]
[Source "ChessBase"]
[TimeControl "40/6000+30:20/3000+30:900+30"]

1. e4 c5 2. Nf3 d6 3. d4 cxd4 4. Nxd4 Nf6 5. Nc3 a6 6. Be2 e5 7. Nb3 Be7 8. Be3 Be6 9. Nd5 Nbd7 {
202} 10. Qd3 Bxd5 11. exd5 O-O 12. a4 {99} Rc8 {935} 13. a5 Ne8 14. O-O {180} Bg5 15. c4 {198} f5 {238} 16. f3
{470} Bxe3+ {318} 17. Qxe3 f4 {60} 18. Qf2 {139} g5 {157} 19.
Nd2 {132} Ndf6 {324} 20. b4 {540} Ng7 {131} 21. Ne4 {443} Nxe4 {297} 22. fxe4 g4 23. c5 {849} Qg5 24. c6 {
262} bxc6 {434} 25. Bxa6 {137} g3 {439} 26. Qf3 {475} Rc7 {137} 27. dxc6 {250}
gxh2+ 28. Kxh2 {83} d5 {310} 29. exd5 {843} Nf5 30. d6 {141} Qh6+ {493} 31. Qh3 {387} Qxd6 32. Bc4+ {309}
Kh8 33. b5 {101} Rg7 {301} 34. Rad1 Nd4 35. Rxd4 {305} Qxd4 {303} 36. Qd3 Qc5 {208}
37. Rf3 {323} Qe7 {192} 38. Bd5 Qg5 {866} 39. Rh3 Rd8 {158} 40. b6 $2 (40. Qf3 $1 $18 {Prophylaxis against
e4! White is just winning now.}) 40... e4 {180} 41. Qxe4 {511} f3 {114} (41...
Rxd5 42. c7 $18) 42. Qxf3 {160} Rxd5 {776} 43. c7 {1313} Qe5+ {340} 44. Rg3 {
116} Rxg3 45. Qxg3 Qh5+ 46.
Qh3 Qe5+ {5 Wojtazek escapes narrowly!} 1/2-1/2